 Dungeon Crawl Stone Soup version 0.27-a0-1202-ge72e49191c (webtiles) character file.

Game seed: 6097650328607991621

1477 funkygono the Firebug (level 8, -2/43 HPs)
             Began as a Gargoyle Fire Elementalist on June 2, 2021.
             Was a Follower of Vehumet.
             Slain by a two-headed ogre
             ... wielding a +0 giant spiked club
              (8 damage)
             ... on level 6 of the Dungeon.
             The game lasted 00:12:00 (6295 turns).

funkygono the Firebug (Gargoyle Fire Elementalist)  Turns: 6295, Time: 00:12:01

Health: -2/43      AC: 11    Str: 13    XL:     8   Next: 78%
Magic:  13/17      EV: 11    Int: 17    God:    Vehumet [*.....]
Gold:   1535       SH:  0    Dex: 10    Spells: 2/19 levels left

rFire    . . .     SeeInvis +   f - +1 whip
rCold    . . .     Faith    .   (no shield)
rNeg     + + .     Spirit   .   m - +1 leather armour of a Gauntlet {rPois Will- Regen+}
rPois    ∞         Reflect  .   (no helmet)
rElec    +         Harm     .   (no cloak)
rCorr    .         Rampage  .   (no gloves)
Will     .....                  v - +1 pair of boots
Stlth    ++........             (no amulet)
HPRegen  1.14/turn              n - ring of positive energy
MPRegen  0.15/turn              p - ring of see invisible

@: no status effects
A: sickness immunity, AC +5, negative energy resistance 1, electricity
resistance, torment resistance 1, petrification resistance
a: Renounce Religion


You were on level 6 of the Dungeon.
You worshipped Vehumet.
Vehumet was aware of your devotion.
You visited 1 branch of the dungeon, and saw 6 of its levels.

You collected 2211 gold pieces.
You spent 676 gold pieces at shops.

Inventory:

Hand Weapons
 d - a +0 mace
 f - a +1 whip (weapon)
Armour
 a - a +0 robe
 m - the +1 leather armour of a Gauntlet (worn) {rPois Will- Regen+}
   (You found it on level 5 of the Dungeon)

   It protects you from poison.
   It increases your rate of health regeneration.
   It decreases your willpower.
 v - a +1 pair of boots (worn)
Magical Staves
 g - a staff of fire
Jewellery
 n - a ring of positive energy (left hand)
 p - a ring of see invisible (right hand)
 w - a ring of ice
Wands
 h - a wand of acid (3)
 k - a wand of flame (18)
Scrolls
 j - a scroll of teleportation
Potions
 b - 2 potions of flight
 c - 2 potions of curing {unknown}
 e - 2 potions of lignification {unknown}
 i - a potion of attraction {unknown}
 l - 3 potions of heal wounds {unknown}
 o - a potion of invisibility {unknown}


   Skills:
 + Level 1.1 Fighting
 + Level 1.2 Maces & Flails
 + Level 1.8 Armour
 + Level 2.2 Dodging
 - Level 2.1 Stealth
 * Level 6.2 Spellcasting
 * Level 5.5 Conjurations
 * Level 6.4 Fire Magic


You had 2 spell levels left.
You knew the following spells:

 Your Spells              Type           Power      Damage    Failure   Level
a - Foxfire               Conj/Fire      100%       2x1d9     1%          1
b - Conjure Flame         Conj/Fire      25%        6-21      4%          3
c - Inner Flame           Hex/Fire       16%        N/A       13%         3
d - Sticky Flame          Conj/Fire      25%        2d5       14%         4
e - Fireball              Conj/Fire      12%        3d7       36%         5
f - Freeze                Ice            20%        1d4       16%         1

Your spell library contained the following spells:

 Spells                   Type           Power      Damage    Failure   Level
 Magic Dart               Conj           96%        1d7       1%          1
 Searing Ray              Conj           48%        3d5       2%          2
 Dazzling Flash           Conj/Hex       28%        N/A       16%         3
 Fulminant Prism          Conj/Hex       7%         3d7       45%         4
 Iskenderun's Mystic Bla  Conj/Tloc      14%        2d5       45%         4


Dungeon Overview and Level Annotations

Branches:
Dungeon (6/15)
 Temple: D:4-7

Altars:
Cheibriados
Gozag
Nemelex Xobeh
Okawaru
Vehumet
Wu Jian
The Shining One

Shops:
D:5 ?

Annotations:
D:5 3 runed translucent doors, Kold's ghost, weakling DsDe; Sassenached's ghost, novice GnWn; jather's ghost, novice DrFE; p0werm0de's ghost, amateur GrFi


Innate Abilities, Weirdness & Mutations

You are immune to sickness and miasma.
Your stone body is resilient. (AC +5)
You are immune to poison.
You resist negative energy. (rN+)
You are resistant to electric shocks. (rElec)
You are resistant to unholy torment.
You are immune to petrification.


Message History

You see here 20 stones.
There is an open door here.
There is a stone staircase leading down here.
You climb downwards.
There is a stone staircase leading up here.
o - a red potion
Found 26 stones.
Found a runed long sword.
You open the door.
A worm comes into view.
Found a snail-covered altar of Cheibriados.
A worm is nearby!
The two-headed ogre shouts in stereo!
Casting: Foxfire (safe; 1% risk of failure)
Confirm with . or Enter, or press ? or * to list all spells.
You conjure some foxfire!
Casting: Foxfire (safe; 1% risk of failure)
Confirm with . or Enter, or press ? or * to list all spells.
You conjure some foxfire!
The foxfire hits the two-headed ogre but does no damage.
The two-headed ogre hits you but does no damage.
The two-headed ogre misses you.
Casting: Foxfire (safe; 1% risk of failure)
Confirm with . or Enter, or press ? or * to list all spells.
You conjure some foxfire!
The foxfire hits the two-headed ogre!
The two-headed ogre is lightly wounded.
The foxfire hits the two-headed ogre but does no damage.
The two-headed ogre is lightly wounded.
The foxfire hits the two-headed ogre.
The two-headed ogre is moderately wounded.
The two-headed ogre hits you with a +0 giant spiked club!!
Ouch! That really hurt!
The two-headed ogre hits you with a +0 giant club!
* * * LOW HITPOINT WARNING * * *
Casting: Foxfire (safe; 1% risk of failure)
Confirm with . or Enter, or press ? or * to list all spells.
You conjure some foxfire!
The foxfire hits the two-headed ogre.
The two-headed ogre is moderately wounded.
The two-headed ogre hits you with a +0 giant spiked club!
You die...

###.........
##.....###.........
##.......##...#.....
#.........#.#.......
#...........###.....
#..........## #..<..
##..§.......##.......
#..§v.......#..##....
#..v@O..Z...... #....
#..#####.#####. ###..
#..# ## ##.# #..# ≈≈
###..# #).# ≈# ....##
#..##≈##.## .......
#...'≈#w_.≈ ......(
##.##≈##.## .......
#.# ≈# #.......


You could see a two-headed ogre (ally target) and a bullfrog skeleton.

Vanquished Creatures
  2 sky beasts
  3 ice beasts
  A black bear (D:5)
  A necrophage (D:6)
  3 ogres
  A centaur (D:5)
  A scorpion (D:5)
  An orc priest (D:3)
  A gnoll shaman (D:6)
  2 hounds
  A bullfrog skeleton (D:6)
  3 iguanas (D:5)
  A hound zombie (D:5)
  A howler monkey zombie (D:6)
  6 gnolls
  6 adders
  An ufetubus (D:4)
  An adder zombie (D:5)
  4 worms
  4 dart slugs
  4 orcs
  2 bats
  5 endoplasms
  A hobgoblin (D:3)
  3 jackals (D:1)
  4 kobolds
  2 quokkas
  9 ball pythons
  3 frilled lizards
  8 goblins
  4 rats
89 creatures vanquished.

Vanquished Creatures (collateral kills)
  A foxfire (D:2)
1 creature vanquished.

Vanquished Creatures (others)
  446 foxfires
  A plant (D:2)
447 creatures vanquished.

Grand Total: 537 creatures vanquished

Notes
Turn   | Place    | Note
-------+----------+-------------------------------------------
     0 | D:1      | funkygono the Gargoyle Fire Elementalist began the quest
                  | for the Orb.
     0 | D:1      | Reached XP level 1. HP: 10/10 MP: 3/3
   292 | D:1      | Reached XP level 2. HP: 15/15 MP: 1/5
   871 | D:1      | Found a faded altar of an unknown god.
  1413 | D:2      | Reached XP level 3. HP: 12/19 MP: 2/6
  1727 | D:2      | Found a radiant altar of Vehumet.
  1735 | D:2      | Became a worshipper of Vehumet
  1987 | D:2      | Reached XP level 4. HP: 24/24 MP: 5/8
  1991 | D:2      | Learned a level 3 spell: Conjure Flame
  1995 | D:2      | Learned a level 3 spell: Inner Flame
  2271 | D:2      | Identified a scroll of acquirement
  2271 | D:2      | Acquired 677 gold pieces
  2766 | D:3      | Reached XP level 5. HP: 28/28 MP: 1/10
  3452 | D:3      | Reached * piety under Vehumet
  3452 | D:3      | Offered knowledge of Freeze by Vehumet.
  3871 | D:3      | Learned a level 4 spell: Sticky Flame
  4117 | D:4      | Found an iron altar of Okawaru.
  4172 | D:4      | Found an opulent altar of Gozag.
  4405 | D:4      | Found a glowing golden altar of the Shining One.
  4492 | D:5      | Entered Level 5 of the Dungeon
  4503 | D:5      | Found a runed translucent gate.
  4504 | D:5      | Found a runed translucent gate.
  4505 | D:5      | Found a runed translucent gate.
  4506 | D:5      | Noticed p0werm0de's ghost (amateur GrFi)
  4506 | D:5      | Noticed Sassenached's ghost (novice GnWn)
  4507 | D:5      | Noticed jather's ghost (novice DrFE)
  4507 | D:5      | Noticed Kold's ghost (weakling DsDe)
  4507 | D:5      | Noticed p0werm0de's ghost (amateur GrFi)
  4510 | D:5      | Identified the +1 leather armour of a Gauntlet {rPois Will-
                  | Regen+}
  4618 | D:5      | Noticed an ogre
  4626 | D:5      | Killed an ogre
  4627 | D:5      | Reached XP level 6. HP: 32/32 MP: 4/12
  4629 | D:5      | Learned a level 1 spell: Freeze
  4708 | D:5      | Noticed a black bear
  4814 | D:5      | Killed a black bear
  4815 | D:5      | Reached skill level 5 in Fire Magic
  4821 | D:5      | Reached skill level 1 in Maces & Flails
  4821 | D:5      | Reached XP level 7. HP: 37/37 MP: 1/13
  4921 | D:5      | Found Maehack's Magic Scroll Boutique.
  4974 | D:5      | Bought a scroll of acquirement for 676 gold pieces
  4979 | D:5      | Acquired 1282 gold pieces
  5070 | D:5      | Found an ornate altar of the Wu Jian Council.
  5237 | D:5      | Reached skill level 5 in Spellcasting
  5612 | D:5      | Reached XP level 8. HP: 28/42 MP: 9/15
  5631 | D:5      | Learned a level 5 spell: Fireball
  5681 | D:5      | Reached skill level 1 in Armour
  5795 | D:6      | Reached skill level 5 in Conjurations
  5912 | D:6      | Reached skill level 1 in Fighting
  6056 | D:6      | Found a sparkling altar of Nemelex Xobeh.
  6145 | D:6      | Noticed a two-headed ogre
  6278 | D:6      | Found a snail-covered altar of Cheibriados.
  6295 | D:6      | Slain by a two-headed ogre

Illustrated notes

Levels and vault maps discovered:
D:1:      zelgadis_glass_arrival_large, layout_loops_ring,
          ebering_ecumenical_altar_abandoned, minmay_pentomino_r2
D:2:      layout_loops_ring, basic_altar, serial_bayou, serial_bayou_pond_a,
          serial_bayou_pond_d, serial_bayou_pond_b, serial_bayou_pond_e,
          st_stairs_8
D:3:      layout_basic
D:4:      layout_cave_pools, overflow_temple_1_default, lemuel_doored_altar,
          nicolae_gozag_seed_capital
D:5:      layout_gridville, old_standard_altar, gammafunk_ghost_cemetery,
          serial_shops, shop_scrolls, corexii_item_surrounded_by_moat
D:6:      layout_rooms, cheibrodos_worm_habitat, kennysheep_little_box,
          ebering_ghost_sewer_d

Skill      XL: |  1  2  3  4  5  6  7  8 |
---------------+-------------------------+-----
Spellcasting   | 3 4 5 6 |  6.2
Fire Magic     | 4 5 6 |  6.4
Conjurations   | 2 3 4 5 |  5.5
Maces & Flails | 1 |  1.2
Dodging        | 2 |  2.2
Armour         | 1 |  1.8
Fighting       | 1 |  1.1
Stealth        | |  2.1

Action                   |  1- 3 |  4- 6 |  7- 9 || total
-------------------------+-------+-------+-------++-------
Melee: Club              |     6 |       |       ||     6
       Whip              |     2 |    13 |       ||    15
 Cast: Foxfire           |    51 |   102 |    97 ||   250
       Conjure Flame     |       |     1 |       ||     1
  Use: Scroll            |     1 |     5 |     9 ||    15
Armor: Robe              |     9 |     4 |       ||    13
       Leather armour    |       |    25 |    17 ||    42
Dodge: Dodged            |    19 |    62 |    34 ||   115

Table legend: (Time is in decaauts)
 A = Elapsed time spent in this place.
 B = Non-inter-level travel time spent in this place.
 C = Inter-level travel time spent in this place.
 D = Time resting spent in this place.
 E = Time spent auto-exploring this place.
 F = Levels seen in this place.
 G = Mean time per level.
                   A        B        C        D        E       F      G
               +--------+--------+--------+--------+--------+-----+--------+
         Total |   6307 |   6067 |    240 |     75 |   5035 |   6 | 1051.2 |
       Dungeon |   6307 |   6067 |    240 |     75 |   5035 |   6 | 1051.2 |
               +--------+--------+--------+--------+--------+-----+--------+

Top non-repeatable levels by time:
     D:3: 1620 daAuts
     D:1: 1319 daAuts
     D:5: 1299 daAuts
     D:2: 979 daAuts
     D:4: 634 daAuts
     D:6: 454 daAuts
